 Dungeon Crawl Stone Soup version 0.25-a0-294-gea9b1ad378 (webtiles) character file.

Game seed: 12911617318947267081, levelgen mode: deterministic

31 DerDa the Magician (level 3, -1/21 HPs)
             Began as an Octopode Wizard on Dec 18, 2019.
             Slain by Natasha (7 damage)
             ... on level 2 of the Dungeon.
             The game lasted 00:04:30 (1508 turns).

DerDa the Magician (Octopode Wizard)                Turns: 1508, Time: 00:04:31

Health: -1/21      AC:  1    Str:  6    XL:     3   Next: 22%
Magic:  1/7        EV: 13    Int: 21    God:
Gold:   7          SH:  0    Dex: 10    Spells: 7/8 levels left

rFire    . . .     SeeInvis .   g - -1 dagger (curse)
rCold    . . .     Gourm    .   (no shield)
rNeg     . . .     Faith    .   a - +0 hat
rPois    .         Spirit   .   (no amulet)
rElec    .         Reflect  .   (no ring)
rCorr    .         Harm     .   (no ring)
MR       .....                  (no ring)
Stlth    +++.......             (no ring)
HPRegen  0.07/turn              (no ring)
MPRegen  0.10/turn              (no ring)
                                (no ring)
                                (no ring)

@: very slightly contaminated
A: almost no armour, stealthy swim, amphibious, 8 rings, constrict 8, camouflage
1, gelatinous body 1
a: no special abilities


You were on level 2 of the Dungeon.
You were not hungry.

You visited 1 branch of the dungeon, and saw 2 of its levels.

You collected 7 gold pieces.

Inventory:

Hand Weapons
 d - a +0 club
 g - a cursed -1 dagger (weapon)
Missiles
 h - a stone (quivered)
Armour
 a - a +0 hat (worn)
Scrolls
 k - a scroll of remove curse
Potions
 b - 2 potions of curing {unknown}
 e - a potion of brilliance {unknown}
 i - a potion of flight {unknown}
Comestibles
 c - 3 rations
 j - 2 chunks of flesh


   Skills:
 - Level 2.0 Dodging
 + Level 3.3 Stealth
 * Level 3.4 Spellcasting
 * Level 2.0 Conjurations
   Level 1.0 Summonings
   Level 1.0 Translocations


You had 7 spell levels left.
You knew the following spells:

 Your Spells              Type           Power        Failure   Level  Hunger
a - Magic Dart            Conj           ##..         5%          1    None

Your spell library contained the following spells:

 Spells                   Type           Power        Failure   Level  Hunger
 Blink                    Tloc           N/A          13%         2    ##.....
 Call Imp                 Summ           #.......     13%         2    ##.....
 Slow                     Hex            #.......     19%         2    ##.....
 Conjure Flame            Conj/Fire      #.......     26%         3    ###....
 Mephitic Cloud           Conj/Pois/Air  #.......     28%         3    ###....


Dungeon Overview and Level Annotations

Branches:
Dungeon (2/15)

Altars:

Annotations:
D:2 Natasha, Terence


Innate Abilities, Weirdness & Mutations

You cannot wear most types of armour.
You are very stealthy in the water. (Stealth+)
You are amphibious.
You can wear up to eight rings at the same time.
You can use your tentacles to constrict eight enemies at once.
Your skin changes colour to match your surroundings (Stealth+).
Your rubbery body absorbs attacks. (AC +1, EV +1)


Message History

Natasha is severely wounded.
Natasha mumbles some strange words.
Casting: Magic Dart (safe; 5% risk of failure)
Confirm with . or Enter, or press ? or * to list all spells.
Aiming: Magic Dart (safe; 5% risk of failure)
Press: ? - help, Shift-Dir - straight line, f/p - Natasha
Aim: Natasha (severely wounded)
The magic dart hits Natasha.
Natasha is severely wounded.
Natasha casts a spell at you. The magic dart hits you.
You closely miss Natasha. Your grab misses Natasha.
Natasha is severely wounded.
Natasha casts a spell at you. The magic dart hits you.
* * * LOW HITPOINT WARNING * * *
You hit Natasha but do no damage. Your grab misses Natasha.
Natasha is severely wounded.
Natasha claws you!
You die...

(.# w# #% #.# .#
####. #.# ># #....
#.###.### #....
#.#.....# #..##
##.#.....# #..##
##5.......# #....
##h###.....# ##.##
####@## ##....# #...
#..).# #.#### ####
#.##.## ##.# #
#.###.###.## # #.#
##...## # #.#
########## # #.#
#........# #
#.###.####...########
#........#........<..


You could see Natasha and a white imp.

Vanquished Creatures
  A dart slug (D:1)
  A leopard gecko (D:1)
  A ball python (D:1)
  A bat (D:1)
  3 giant cockroaches
  2 goblins
  3 hobgoblins
  3 jackals (D:1)
  6 kobolds (D:1)
  3 rats (D:1)
24 creatures vanquished.

Notes
Turn   | Place    | Note
-------+----------+-------------------------------------------
     0 | D:1      | DerDa the Octopode Wizard began the quest for the Orb.
     0 | D:1      | Reached XP level 1. HP: 11/11 MP: 4/4
   233 | D:1      | Reached XP level 2. HP: 17/17 MP: 1/6
   962 | D:1      | Reached XP level 3. HP: 21/21 MP: 5/7
  1362 | D:2      | Noticed Terence
  1459 | D:2      | Noticed Natasha
  1508 | D:2      | Slain by Natasha

Levels and vault maps discovered:
D:1:      minmay_arrival_open_corners, layout_basic
D:2:      layout_loops_cross, uniq_terence, uniq_natasha

Skill      XL: |  1  2  3 |
---------------+----------+-----
Stealth        | 3 |  3.3
Conjurations   | 2 |  2.0
Dodging        | |  2.0
Spellcasting   | |  3.4
Summonings     | |  1.0
Translocations | |  1.0

Action                   || total
-------------------------++-------
Melee: Club              ||    15
       Unarmed           ||     2
       Constrict         ||     3
       Tentacles         ||     2
       Dagger            ||     2
 Cast: Magic Dart        ||    67
  Use: Scroll            ||     1
  Eat: Chunk             ||     2
Dodge: Dodged            ||    20

Table legend:
 A = Non-vault XP
 B = Vault XP
 C = Vault XP percentage of total XP
 D = Non-vault monster count
 E = Vault monster count
 F = Vault count percentage of total count
                 A         B        C        D         E       F
            +---------+---------+-------+---------+---------+-------
      Total |      45 |       0 |   0.0 |      24 |       0 |   0.0
            +---------+---------+-------+---------+---------+-------
        D:1 |      39 |       0 |   0.0 |      21 |       0 |   0.0
        D:2 |       6 |       0 |   0.0 |       3 |       0 |   0.0
            +---------+---------+-------+---------+---------+-------
